 Dungeon Crawl Stone Soup version 0.31-a0-986-g5e6e4ef867 (webtiles) character file.

Game seed: 15386340443304290115

12400 serber55 the Arsonist (level 11, -5/77 HPs)
             Began as an Octopode Fire Elementalist on Nov 17, 2023.
             Was an Initiate of Gozag.
             Slain by an orc warlord
             ... wielding a +0 long sword
              (28 damage)
             ... on level 1 of the Orcish Mines.
             The game lasted 01:05:17 (16677 turns).

serber55 the Arsonist (Octopode Fire Elementalist) Turns: 16677, Time: 01:05:19

Health: -5/77      AC:  4    Str: 10    XL:     11   Next: 92%
Magic:  2/21       EV: 15    Int: 19    God:    Gozag
Gold:   618        SH:  6    Dex: 13    Spells: 11/24 levels left

rFire   + . .        u - +8 lance "Wyrmbane" {slay drac, rPois rF+ rC+ AC+3}
rCold   + . .        s - +1 buckler
rNeg    . . .        (helmet restricted)
rPois   +            (no amulet)
rElec   .            j - ring of see invisible
rCorr   .            (no ring)
SInv    +            (no ring)
Will    .....        (no ring)
Stlth   +++          (no ring)
HPRegen 0.32/turn    (no ring)
MPRegen 0.17/turn    (no ring)
                     (no ring)

%: no passive effects
@: no status effects
A: almost no armour, amphibious, 8 rings, camouflage 1, gelatinous body 1,
(nimble swimmer 1), tentacles, no potion heal 1
a: Renounce Religion, Potion Petition, Call Merchant, Bribe Branch


You were on level 1 of the Orcish Mines.
You worshipped Gozag.
Gozag was pleased with you.
You visited 3 branches of the dungeon, and saw 13 of its levels.

You collected 2708 gold pieces.
You spent 1448 gold pieces at shops.
You paid 642 gold pieces to Gozag.

Inventory:

Hand Weapons
 q - a +0 hand axe of holy wrath
 u - the +8 lance "Wyrmbane" (weapon) {slay drac, rPois rF+ rC+ AC+3}
   (You bought it in a shop on level 9 of the Dungeon)

   AC+3:      It affects your AC (+3).
   rF+:       It protects you from fire.
   rC+:       It protects you from cold.
   rPois:     It protects you from poison
Missiles
 d - 28 poisoned darts (quivered)
Armour
 s - a +1 buckler (worn)
Jewellery
 j - a ring of see invisible (left tentacle)
Wands
 c - a wand of polymorph (13)
 g - a wand of iceblast (12)
 o - a wand of charming (6)
 p - a wand of acid (2)
 r - a wand of flame (5)
Scrolls
 a - 2 scrolls of amnesia
 b - 2 scrolls of teleportation
 k - 2 scrolls of identify
 l - 4 scrolls of noise
 m - a scroll of fog
 t - a scroll of vulnerability
Potions
 e - a potion of haste
 f - a potion of heal wounds
 h - 4 potions of cancellation
 i - 7 potions of attraction
 n - a potion of enlightenment
 v - a potion of curing


   Skills:
 + Level 7.9 Fighting
 + Level 7.0 Dodging
 - Level 2.6 Stealth
 - Level 5.0 Shields
 + Level 7.2 Spellcasting
 + Level 7.5 Conjurations
 * Level 10.8 Fire Magic


You had 11 spell levels left.
You knew the following spells:

 Your Spells              Type           Power      Damage    Failure   Level
a - Foxfire               Conj/Fire      100%       2x1d9     1%          1
b - Scorch                Fire           94%        2d8       1%          2
c - Volatile Blastmotes   Fire/Tloc      54%        2d14      4%          3
d - Flame Wave            Conj/Fire      41%        2d11      3%          4
e - Inner Flame           Hex/Fire       27%        N/A       4%          3

Your spell library contained the following spells:

 Spells                   Type           Power      Damage    Failure   Level
 Sticky Flame             Conj/Fire      41%        2d6       3%          4
 Ignite Poison            Fire/Tmut/Pois 20%        N/A       10%         3
 Cigotuvi's Dreadful Rot  Necr/Pois/Air  12%        N/A       22%         2
 Dispel Undead            Necr           6%         3d8       80%         4
 Leda's Liquefaction      Hex/Erth       3%         N/A       80%         4
 Lee's Rapid Deconstruct  Erth           3%         3d5*      98%         5
 Bombard                  Conj/Erth      10%        9d3       99%         6
 Death Channel            Necr           3%         N/A       100%        6
 Ignition                 Fire           23%        3d8       100%        8


Dungeon Overview and Level Annotations

Branches:
Dungeon (10/15)            Temple (1/1) D:7             Orc (2/2) D:9
   Lair: D:8-11         Elf: Orc:2

Altars:
Ashenzari
Cheibriados
Dithmenos
Elyvilon
Fedhas
Gozag
Hepliaklqana
Kikubaaqudgha
Makhleb
Nemelex Xobeh
Okawaru
Qazlal
Ru
Sif Muna
Trog
Uskayaw
Vehumet
Wu Jian
Xom
Yredelemnul
Zin
The Shining One

Shops:
D:3 *   D:4 *   D:9 ((   Orc:2 *

Annotations:
D:7 3 runed translucent doors, kaesle's ghost, novice HOFi
D:8 3 runed translucent doors, IdlyInterested's ghost, novice DsMo


Innate Abilities, Weirdness & Mutations

You cannot wear most types of armour.
You are amphibious.
You can wear up to eight rings at the same time.
Your skin changes colour to match your surroundings (Stealth+).
Your rubbery body absorbs attacks. (AC +1, EV +1)
((You are camouflaged when in or above water. (Stealth+)))
You have tentacles for arms and can constrict up to eight enemies at once.
Potions are less effective at restoring your health.


Message History

Casting: Flame Wave (dangerous; 3% risk of failure)
Press: ? - help, Dir - look around, f - activate A wave of flame ripples out!
The flame wave engulfs the orc warlord!
The orc warlord is burned terribly!
The orc warlord is moderately wounded. (Press . to intensify the flame waves.)
You block the orc warlord's attack.
A wave of flame ripples out!
The flame wave engulfs the orc warlord!
The orc warlord is burned terribly!
The orc warlord is heavily wounded.
The orc warlord hits you with a +0 long sword!!
A wave of flame ripples out!
The flame wave engulfs the orc warlord!
The orc warlord is burned terribly!
The orc warlord is heavily wounded.
You finish channelling waves of flame.
The orc warlord is no longer covered in acid.
The orc warlord barely misses you.
Unknown command.
Casting: Flame Wave (dangerous; 3% risk of failure)
Confirm with . or Enter, or press ? or * to list all spells.
Casting: Flame Wave (dangerous; 3% risk of failure)
Press: ? - help, Dir - look around, f - activate A wave of flame ripples out!
The flame wave engulfs the orc warlord!
The orc warlord is burned terribly!
The orc warlord is severely wounded. (Press . to intensify the flame waves.)
The orc warlord hits you with a +0 long sword!
A wave of flame ripples out!
The flame wave engulfs the orc warlord but does no damage.
The orc warlord is severely wounded.
The orc warlord hits you with a +0 long sword!!
* * * LOW HITPOINT WARNING * * *
Unknown command.
A wave of flame ripples out!
The flame wave engulfs the orc warlord!
The orc warlord is burned terribly!
The orc warlord is severely wounded.
You finish channelling waves of flame.
The orc warlord hits you with a +0 long sword!!
You die...
Your body crumbles into a pile of gold.

### ######
##.#####....##
####.....#......##
##..#.............#
#............)....#
#...#.#.......@..##
##.###.......o....#
######..##.......#
##.#.##........##
#...............#
##....).........## ##
#...#...#..#.....#
.####.#.............#
...##.<......#.....##


You could see an orc warlord (combustible).

Vanquished Creatures
  A two-headed ogre (D:9)
  A centaur warrior (D:9)
  2 boulder beetles
  Nergalle (D:10)
  An orc sorcerer (Orc:1)
  A manticore (D:9)
  Maurice (D:9)
  An unseen horror (D:10)
  2 kobold demonologists (D:10)
  3 trolls
  A hornet (D:9)
  Sigmund (D:2)
  A wyvern (D:9)
  A wraith (D:9)
  3 yaks (D:8)
  Menkaure (D:6)
  An acid dragon (D:10)
  5 steam dragons
  2 water moccasins
  14 orc warriors
  An ice beast (D:7)
  4 ogres
  A centaur (D:9)
  4 kobold brigands
  3 bullfrogs
  A gnoll sergeant (D:6)
  5 scorpions
  3 wights (D:9)
  14 killer bees
  4 howler monkeys
  A jelly (D:6)
  3 hounds
  8 orc priests
  Crazy Yiuf (D:7)
  2 gnoll boudas
  4 iguanas
  14 orc wizards
  17 gnolls
  6 adders
  2 shadow imps
  A white imp (D:5)
  3 worms
  4 dart slugs
  45 orcs
  7 ball pythons
  9 endoplasms
  A giant cockroach (D:3)
  9 goblins
  5 hobgoblins
  8 jackals
  7 quokkas
  7 bats
  6 frilled lizards
  26 kobolds
  25 rats
305 creatures vanquished.

Vanquished Creatures (others)
  33 foxfires
33 creatures vanquished.

Grand Total: 338 creatures vanquished

Notes
Turn   | Place    | Note
-------+----------+-------------------------------------------
     0 | D:1      | serber55 the Octopode Fire Elementalist began the quest for
                  | the Orb.
     0 | D:1      | Reached XP level 1. HP: 11/11 MP: 3/3
    80 | D:1      | Reached XP level 2. HP: 13/17 MP: 5/5
    83 | D:1      | Learned a level 2 spell: Scorch
   502 | D:1      | Reached XP level 3. HP: 22/22 MP: 0/6
   943 | D:2      | Noticed Sigmund
   952 | D:1      | HP: 1/22 [dart slug/slug dart (5)]
  1052 | D:2      | Reached skill level 1 in Fighting
  1095 | D:2      | Learned a level 3 spell: Volatile Blastmotes
  1098 | D:2      | Found a faded altar of an unknown god.
  1200 | D:2      | Reached XP level 4. HP: 28/28 MP: 1/7
  1400 | D:2      | Found a hazy altar of Hepliaklqana.
  1855 | D:2      | Killed Sigmund
  1856 | D:2      | Reached skill level 4 in Fire Magic
  1856 | D:2      | Reached XP level 5. HP: 34/34 MP: 0/9
  1856 | D:2      | Reached XP level 6. HP: 39/39 MP: 0/10
  2326 | D:3      | Found a white marble altar of Elyvilon.
  2448 | D:3      | Found Nitourir's Assorted Antiques.
  3318 | D:4      | Learned a level 4 spell: Flame Wave
  3369 | D:3      | Bought a scroll of identify for 54 gold pieces
  3369 | D:3      | Bought a scroll of teleportation for 81 gold pieces
  3369 | D:3      | Bought a scroll labelled IHYNOVULUAMI for 27 gold pieces
  3369 | D:3      | Bought a scroll labelled KUBAIK OTONWUT for 27 gold pieces
  3370 | D:3      | Acquired 1093 gold pieces
  3524 | D:4      | Found a snail-covered altar of Cheibriados.
  3546 | D:4      | Found an ornate altar of the Wu Jian Council.
  3599 | D:4      | Found a sacrificial altar of Ru.
  3654 | D:4      | Found Vuz Isch's General Store.
  3659 | D:4      | Bought a scroll of noise for 11 gold pieces
  3659 | D:4      | Bought a potion of curing for 33 gold pieces
  3659 | D:4      | Bought a scroll of teleportation for 33 gold pieces
  4160 | D:4      | Reached skill level 5 in Fire Magic
  4506 | D:4      | Reached XP level 7. HP: 42/45 MP: 6/11
  5051 | D:5      | Entered Level 5 of the Dungeon
  6020 | D:5      | Found a hide-covered altar of Uskayaw.
  6020 | D:5      | Noticed a +0 dagger
  6020 | D:5      | Noticed a +0 hand axe
  6195 | D:6      | Reached XP level 8. HP: 42/52 MP: 3/13
  6199 | D:6      | Noticed Menkaure
  6205 | D:6      | Reached skill level 6 in Fire Magic
  6205 | D:6      | Gained mutation: Potions are less effective at restoring
                  | your health. [potion of mutation]
  6211 | D:6      | Killed Menkaure
  7358 | D:7      | Reached skill level 7 in Fire Magic
  7534 | D:7      | Found a runed translucent gate.
  7543 | D:7      | Reached XP level 9. HP: 49/59 MP: 1/15
  7647 | D:7      | Found a runed translucent gate.
  7648 | D:7      | Noticed a boulder beetle
  7649 | D:7      | Found a runed translucent gate.
  7650 | D:7      | Noticed kaesle's ghost (novice HOFi)
  7780 | D:7      | Found a runed translucent door.
  7781 | D:7      | Noticed Crazy Yiuf
  7792 | D:7      | Killed Crazy Yiuf
  8046 | D:7      | Found a staircase to the Ecumenical Temple.
  8057 | Temple   | Entered the Ecumenical Temple
  8065 | Temple   | Became a worshipper of Gozag Ym Sagoz the Greedy
  8155 | D:7      | Reached skill level 5 in Dodging
  8599 | D:7      | Found a shadowy altar of Dithmenos.
  8869 | D:8      | Reached skill level 5 in Conjurations
  8956 | D:8      | Noticed a troll
  8958 | D:8      | Noticed IdlyInterested's ghost (novice DsMo)
  8960 | D:8      | Noticed a red ugly thing
  8961 | D:8      | Found a runed translucent gate.
  8961 | D:8      | Found a runed translucent gate.
  8961 | D:8      | Found a runed translucent gate.
  8983 | D:8      | Reached skill level 8 in Fire Magic
  9021 | D:8      | Reached skill level 5 in Fighting
  9021 | D:8      | Reached skill level 5 in Spellcasting
 10272 | D:8      | Reached XP level 10. HP: 66/66 MP: 10/18
 10374 | D:9      | Found a hazy altar of Hepliaklqana.
 10544 | D:8      | Learned a level 3 spell: Inner Flame
 10789 | D:9      | Reached skill level 9 in Fire Magic
 10911 | D:9      | Found a staircase to the Orcish Mines.
 11010 | D:9      | Found Kiblon Isheu's Antique Weapon Shoppe.
 11034 | D:9      | Found a runed translucent door.
 11624 | D:9      | Bought the +8 lance "Wyrmbane" {slay drac, rPois rF+ rC+
                  | AC+3} for 1131 gold pieces
 11624 | D:9      | Found the +8 lance "Wyrmbane" {slay drac, rPois rF+ rC+
                  | AC+3}
 12222 | D:9      | Reached skill level 1 in Shields
 12297 | D:9      | Found a runed translucent door.
 12300 | D:9      | Noticed a two-headed ogre
 12811 | D:9      | Killed a two-headed ogre
 13173 | D:9      | Noticed a centaur warrior
 13173 | D:9      | Noticed a manticore
 13187 | D:9      | Killed a centaur warrior
 13193 | D:9      | Killed a manticore
 13342 | D:9      | Reached XP level 11. HP: 74/74 MP: 11/20
 14286 | D:10     | Entered Level 10 of the Dungeon
 14288 | D:10     | Noticed a boulder beetle
 14312 | D:10     | Killed a boulder beetle
 14313 | D:10     | Reached skill level 5 in Shields
 14584 | D:10     | Reached skill level 10 in Fire Magic
 14683 | D:10     | Noticed Nergalle
 14847 | D:10     | Killed Nergalle
 15160 | D:10     | Found a broken altar of Ashenzari.
 15319 | D:10     | Found a glowing silver altar of Zin.
 15394 | D:10     | Found a shimmering altar of Xom.
 15397 | D:10     | Found an ancient bone altar of Kikubaaqudgha.
 15401 | D:10     | Found a basalt altar of Yredelemnul.
 15453 | D:10     | Identified the +0 robe of Ru's Inspiration {rCorr Dex+2}
 15606 | Orc:1    | Entered Level 1 of the Orcish Mines
 15618 | Orc:1    | Noticed an orc sorcerer
 15634 | Orc:1    | Paralysed by an orc sorcerer for 2 turns
 15639 | Orc:1    | Paralysed by an orc sorcerer for 4 turns
 15640 | Orc:1    | Noticed Maurice
 15643 | Orc:1    | Killed an orc sorcerer
 15870 | Orc:1    | Maurice stole 28 poisoned darts
 16024 | D:9      | Maurice stole a +0 hand axe of holy wrath
 16025 | D:9      | Maurice stole 406 gold
 16026 | D:9      | Killed Maurice
 16296 | Orc:2    | Entered Level 2 of the Orcish Mines
 16296 | Orc:2    | Found Femuibb's General Store.
 16302 | Orc:2    | Bought a potion of curing for 51 gold pieces
 16304 | Orc:2    | Noticed a boulder beetle
 16443 | Orc:1    | Killed a boulder beetle
 16660 | Orc:2    | Noticed an orc warlord
 16669 | Orc:2    | Noticed an orc warlord
 16677 | Orc:1    | Slain by an orc warlord

Illustrated notes

Levels and vault maps discovered:
D:1:      lemuel_arrival_lava_pool, layout_basic
D:2:      layout_rooms, basic_altar, basic_ecumenical_altar, minmay_tromino_i2,
          uniq_sigmund
D:3:      minmay_bubble_buster, layout_basic, mainiacjoe_overflow_boulevard,
          serial_shops, nicolae_shop_advertising_works
          [nicolae_subvault_shop_adworks]
D:4:      layout_loops_ring, lemuel_tele_altar, nicolae_ru_awakened_eye,
          nicolae_wu_jian_wuxing_cycle, serial_shops,
          nicolae_shop_rolling_square, nrook_campfire, minmay_rat_hole
D:5:      layout_loops_cross, dancing_weapons_uskayaw
D:6:      layout_basic, uniq_menkaure
D:7:      layout_loops_ring, kennysheep_little_box, temple_green,
          gammafunk_ghost_split, uniq_crazy_yiuf_cottage
D:8:      layout_rooms, gammafunk_ghost_split, serial_aquarium,
          aquarium_bridge_square [aquarium_subvault_bridge,
          aquarium_subvault_wall, aquarium_subvault_bridge,
          aquarium_subvault_wall], aquarium_bridge_square
          [aquarium_subvault_bridge, aquarium_subvault_wall,
          aquarium_subvault_wall, aquarium_subvault_bridge], aquarium_window_2,
          aquarium_window_1, aquarium_window_fake, aquarium_view_2c,
          aquarium_view_2e, aquarium_pool_2
D:9:      cheibrodos_histonic, layout_loops_ring,
          mainiacjoe_overflow_tiny_flanked, david_orc_3, serial_shops,
          nicolae_shop_tiny_waterfront, dreamdust_princess_corridor
D:10:     layout_basic, evilmike_ruin_ashenzari, general_overflow_altar,
          grunt_temple_overflow_diamond, nzn_sisyphean_effort, uniq_nergalle
Temple:   hellmonk_temple_rainy
Orc:1:    layout_caves, ebering_ghost_disaster_area, uniq_maurice
Orc:2:    st_orc_open, layout_diamond_mine, serial_shops,
          nicolae_shop_statue_plus, rock_pile

Skill      XL: |  1  2  3  4  5  6  7  8  9 10 11 |
---------------+----------------------------------+-----
Fighting       | 1 2 3 4 5 6 7 |  7.9
Dodging        | 3 4 5 6 7 |  7.0
Conjurations   | 2 3 4 5 6 7 |  7.5
Fire Magic     | 4 5 7 8 9 10 | 10.8
Spellcasting   | 3 4 5 6 7 |  7.2
Shields        | 4 5 |  5.0
Stealth        | |  2.6

Action                     |  1- 3 |  4- 6 |  7- 9 | 10-12 || total
---------------------------+-------+-------+-------+-------++-------
  Melee: Whip              |    46 |    12 |       |       ||    58
         Tentacles         |    12 |    14 |    13 |     9 ||    48
         Constrict         |    10 |    18 |    12 |     1 ||    41
         Dagger            |       |    54 |    33 |       ||    87
         Punch             |       |     2 |     1 |     3 ||     6
         Mace              |       |       |    22 |     2 ||    24
         Lance             |       |       |       |    41 ||    41
  Throw: Dart              |       |     7 |     6 |    11 ||    24
   Cast: Foxfire           |     4 |     8 |     9 |     3 ||    24
         Scorch            |    15 |    62 |   101 |    87 ||   265
         Volatile Blastmot |       |     5 |     8 |     5 ||    18
         Flame Wave        |       |       |    22 |    54 ||    76
         Inner Flame       |       |       |       |     3 ||     3
 Invoke: Call Merchant     |       |       |       |     1 ||     1
  Evoke: Wand              |       |       |     1 |     7 ||     8
    Use: Potion            |     1 |     2 |    17 |     1 ||    21
         Scroll            |       |    14 |     4 |     5 ||    23
   Stab: Sleeping          |     8 |     2 |     1 |       ||    11
         Invisible         |       |       |     1 |       ||     1
 Armour: Skin              |    24 |    55 |   100 |   129 ||   308
  Dodge: Dodged            |    22 |    79 |    98 |   142 ||   341
  Block: Buckler           |       |       |       |    23 ||    23

Table legend: (Time is in decaauts)
 A = Elapsed time spent in this place.
 B = Non-inter-level travel time spent in this place.
 C = Inter-level travel time spent in this place.
 D = Time resting spent in this place.
 E = Time spent auto-exploring this place.
 F = Levels seen in this place.
 G = Mean time per level.
                   A        B        C        D        E       F      G
               +--------+--------+--------+--------+--------+-----+--------+
         Total |  16783 |  15833 |    950 |   6602 |   6647 |  13 | 1291.0 |
       Dungeon |  16174 |  15244 |    930 |   6275 |   6551 |  10 | 1617.4 |
        Temple |     16 |     16 |      0 |      0 |      0 |   1 |   16.0 |
  Orcish Mines |    592 |    572 |     20 |    327 |     96 |   2 |  296.0 |
               +--------+--------+--------+--------+--------+-----+--------+

Top non-repeatable levels by time:
     D:9: 3992 daAuts
     D:8: 2214 daAuts
     D:7: 1845 daAuts
     D:4: 1663 daAuts
     D:3: 1511 daAuts
     D:6: 1217 daAuts
     D:1: 1156 daAuts
     D:2: 901 daAuts
     D:5: 892 daAuts
    D:10: 777 daAuts
   Orc:1: 530 daAuts
   Orc:2: 61 daAuts
  Temple: 16 daAuts
